 Dungeon Crawl Stone Soup version 0.28-a0-909-g796cbd3a86 (webtiles) character file.

Game seed: 12083388679491010383

196 timneilson the Shield-Bearer (level 5, -5/33 HPs)
             Began as a Gargoyle Fighter on Nov 25, 2021.
             Slain by Sigmund (6 damage)
             ... on level 3 of the Dungeon.
             The game lasted 00:04:43 (3068 turns).

timneilson the Shield-Bearer (Gargoyle Fighter)     Turns: 3068, Time: 00:04:44

Health: -5/33      AC: 11    Str: 20    XL:     5   Next: 74%
Magic:  5/5        EV: 10    Int:  9    God:
Gold:   57         SH:  4    Dex:  9    Spells: 4/4 levels left

rFire   . . .      SeeInvis .   a - +0 long sword
rCold   . . .      Faith    .   c - +0 buckler
rNeg    + . .      Spirit   .   b - +0 scale mail
rPois   ∞          Reflect  .   (no helmet)
rElec   +          Harm     .   (no cloak)
rCorr   .          Rampage  .   (no gloves)
Will    .....                   (no boots)
Stlth   ..........              (no amulet)
HPRegen 0.11/turn               (no ring)
MPRegen 0.09/turn               (no ring)

@: attractive
A: sickness immunity, AC +4, negative energy resistance 1, electricity
resistance, torment resistance 1, petrification resistance
a: no special abilities


You were on level 3 of the Dungeon.
You visited 1 branch of the dungeon, and saw 3 of its levels.

You collected 57 gold pieces.

Inventory:

Hand Weapons
 a - a +0 long sword (weapon)
Armour
 b - a +0 scale mail (worn)
 c - a +0 buckler (worn)
Scrolls
 e - a scroll of noise {unknown}
 i - a scroll of identify
Potions
 f - a potion of attraction
 g - a potion of mutation
 h - a potion of heal wounds
 j - a potion of resistance {unknown}


   Skills:
 + Level 3.8 Fighting
 * Level 3.1 Long Blades
 * Level 4.2 Armour
 + Level 1.1 Dodging
 * Level 4.4 Shields


You had 4 spell levels left.
You didn't know any spells.
Your spell library contained the following spells:

 Spells                   Type           Power      Damage    Failure   Level
 Scorch                   Fire           0%         2d5       86%         2
 Flame Wave               Conj/Fire      0%         3d3       100%        4
 Summon Cactus Giant      Summ           0%         N/A       100%        6


Dungeon Overview and Level Annotations

Branches:
Dungeon (3/15)

Altars:

Annotations:
D:2 1 runed translucent door, Crazy Yiuf
D:3 Sigmund


Innate Abilities, Weirdness & Mutations

You are immune to sickness and miasma.
Your stone body is resilient. (AC +4)
You are immune to poison.
You resist negative energy. (rN+)
You are resistant to electric shocks. (rElec)
You are resistant to unholy torment.
You are immune to petrification.


Message History

Sigmund is moderately wounded.
Sigmund hits you with a +0 scythe!
You hit Sigmund but do no damage.
Sigmund is moderately wounded.
Sigmund hits you with a +0 scythe.
You closely miss Sigmund.
Sigmund is moderately wounded.
Sigmund closely misses you.
You barely miss Sigmund.
Sigmund is moderately wounded.
You hit Sigmund.
Sigmund is moderately wounded.
Sigmund says, "Now you see me, now you don't..."
Sigmund gestures at you while chanting.
The magic dart hits you but does no damage.
Sigmund gestures wildly while chanting.
Sigmund flickers and vanishes!
Deactivating autopickup; reactivate with Ctrl-A.
You closely miss something.
You hear some strange, mumbled words.
Something tries to affect you, but you resist.
You hit something. Something hits you but does no damage.
You miss something. You block something's attack.
You closely miss something. You barely miss something.
You hear some strange, mumbled words.
A puff of flame appears from out of thin air!
The puff of flame hits you! Something hits you but does no damage.
You miss something. You barely miss something. Something hits you.
* * * LOW HITPOINT WARNING * * *
You hit something. Something hits you but does no damage.
You closely miss something. Something hits you!
* * * LOW HITPOINT WARNING * * *
You barely miss something.
You hear some strange, mumbled words.
A magic dart appears from out of thin air!
The magic dart hits you but does no damage.
You hit something. Something hits you.
You die...

.........†.....###
......####<###.# ......#
#..#..# ....#.## ##...##
.......# ##...# .....#.#
#.#.## .....#(.. #.#..#
...)÷###.# #.##.###.#
.....# .# #. #.@...#
....####.. #. #.{...#
..).....................
#......... ..##.....###.
#.........#. #.....#
#.........# #....##
.......... ###...
.......... #...
..........


There were no monsters in sight!

Vanquished Creatures
  Pargi (D:3)
  2 adders (D:2)
  A worm (D:2)
  6 dart slugs
  5 orcs
  5 endoplasms
  3 giant cockroaches (D:1)
  5 goblins
  8 hobgoblins
  4 jackals (D:1)
  A quokka (D:2)
  2 ball pythons
  2 bats
  A frilled lizard (D:1)
  7 kobolds
  8 rats
61 creatures vanquished.

Notes
Turn   | Place    | Note
-------+----------+-------------------------------------------
     0 | D:1      | timneilson the Gargoyle Fighter began the quest for the
                  | Orb.
     0 | D:1      | Reached XP level 1. HP: 14/14 MP: 1/1
   279 | D:1      | Reached XP level 2. HP: 16/19 MP: 2/2
   724 | D:1      | Reached XP level 3. HP: 14/23 MP: 3/3
  1467 | D:2      | Found a faded altar of an unknown god.
  1567 | D:2      | Found a runed translucent door.
  1568 | D:2      | Noticed Crazy Yiuf
  1917 | D:2      | Reached XP level 4. HP: 28/28 MP: 4/4
  2689 | D:3      | Noticed Pargi
  2710 | D:3      | Killed Pargi
  2711 | D:3      | Reached skill level 1 in Dodging
  2711 | D:3      | Reached XP level 5. HP: 18/33 MP: 5/5
  3047 | D:3      | Noticed Sigmund
  3066 | D:3      | HP: 1/33 [something (7)]
  3068 | D:3      | Slain by Sigmund

Illustrated notes

Levels and vault maps discovered:
D:1:      nicolae_arrival_memento_mori, layout_loops_corners, item_on_display_a
D:2:      layout_basic, ebering_ecumenical_altar_hall, uniq_crazy_yiuf_cottage
D:3:      layout_rooms, serial_shops, nicolae_lakefront_shop, uniq_pargi,
          uniq_sigmund

Skill      XL: |  1  2  3  4 |
---------------+-------------+-----
Long Blades    | 2 3 |  3.1
Shields        | 4 |  4.4
Armour         | 4 |  4.2
Dodging        | 1 |  1.1
Fighting       | |  3.8

Action                   |  1- 3 |  4- 6 || total
-------------------------+-------+-------++-------
Melee: Long sword        |   134 |    90 ||   224
  Use: Scroll            |     2 |     3 ||     5
       Potion            |       |     2 ||     2
Armor: Scale mail        |    51 |    36 ||    87
Dodge: Dodged            |    69 |    26 ||    95
Block: Buckler           |    21 |    24 ||    45

Table legend: (Time is in decaauts)
 A = Elapsed time spent in this place.
 B = Non-inter-level travel time spent in this place.
 C = Inter-level travel time spent in this place.
 D = Time resting spent in this place.
 E = Time spent auto-exploring this place.
 F = Levels seen in this place.
 G = Mean time per level.
                   A        B        C        D        E       F      G
               +--------+--------+--------+--------+--------+-----+--------+
         Total |   3130 |   3078 |     52 |      0 |   2522 |   3 | 1043.3 |
       Dungeon |   3130 |   3078 |     52 |      0 |   2522 |   3 | 1043.3 |
               +--------+--------+--------+--------+--------+-----+--------+

Top non-repeatable levels by time:
     D:1: 1411 daAuts
     D:2: 1183 daAuts
     D:3: 535 daAuts
